Markus, lawful male human Wizard - ..---- |...| ---...| |...--- ..e ---.--- ..... |...| ..@... |.--- -..q... |..-- --..... --...-- -.....- --- .. ---.....-- .....| .<- .-...| --........-- ....-- .........-- |...........| -....)| -..-......--- |...........-- --...... ---.....[)....------..........-- |..$.-)------- ---.....).................|.--...| --...)........ ..........|......-------.--- ----- ------------- ----.^------------ --- ---- Markus the Thaumaturge Experience level: 7 Strength: 9 Dexterity: 13 Constitution: 15 Intelligence: 18 Wisdom: 12 Charisma: 15 Health: 0(36) Energy: 62(62) Def: 9 Gold: 580 Moves: 4983 Dungeon seed: 9tpsnbA7doRuWviT Game ID: Markus_1537271389 Your Inventory: Coins $ - 580 gold pieces Weapons a - a blessed +2 quarterstaff (weapon in hands) Z - 13 +0 darts Armor e - an uncursed +0 cloak of magic resistance (being worn) n - a blessed +1 dwarvish iron helm u - a blessed +2 leather armor (being worn) y - an uncursed +0 cloak of protection R - an uncursed +0 pair of high boots (being worn) Y - a cursed +1 helm of opposite alignment (being worn) Comestibles p - 2 uncursed food rations Scrolls i - 2 uncursed scrolls of magic mapping k - an uncursed scroll of light z - 2 uncursed scrolls of identify D - a cursed scroll of enchant armor Spellbooks l - a blessed spellbook of force bolt m - an uncursed spellbook of protection K - an uncursed spellbook of dig Potions f - an uncursed potion of sleeping g - 2 uncursed potions of paralysis h - an uncursed potion of water I - an uncursed potion of speed P - an uncursed potion of oil V - an uncursed potion of fruit juice Rings c - an uncursed ring of regeneration (on left hand) d - an uncursed ring of protection from shape changers (on right hand) J - a cursed ring of aggravate monster Wands b - a wand of magic missile (0:4) E - a wand of lightning (1:6) Q - a wand of secret door detection (0:13) W - a cursed wand of magic missile (0:5) Tools s - a blessed tallow candle (0:200) w - an uncursed magic whistle x - an uncursed skeleton key A - an uncursed magic whistle C - 2 uncursed partly used wax candles (lit) (0:202) F - an uncursed credit card S - 6 uncursed tallow candles (0:200) Gems q - an uncursed jet stone r - an uncursed amber stone t - an uncursed worthless piece of red glass v - an uncursed worthless piece of yellow glass N - an uncursed diamond U - 2 uncursed worthless pieces of blue glass X - 2 uncursed worthless pieces of white glass Spells and supernatural/magical abilities: Name Level Category Fail Memory a - force bolt 1 attack 0% 76% p - protection 1 clerical 0% 76% W - pray for help -- divine ? -- Your skills at the end: Fighting Skills Weapon Skills quarterstaff [Basic] Spellcasting Skills attack spells [Basic] enchantment spells [Basic] Final Attributes: You were piously aligned. You were magic-protected. You were telepathic. You regenerated. You were protected from shape changers. You are dead. Vanquished creatures: a small mimic 3 quivering blobs a leprechaun a mumak a dingo a dwarf lord an orc shaman a fog cloud 2 shriekers 5 gnome lords 3 gnomish wizards a kobold mummy a straw golem a giant ant 4 floating eyes a kitten 6 dwarves 2 kobold lords 8 hill orcs a giant bat 2 orc zombies 2 wererats an iguana an acid blob a coyote a hobbit 2 large kobolds 2 hobgoblins a brown mold a green mold a red mold 28 gnomes 8 garter snakes a gnome zombie 2 geckos 3 jackals a fox 2 goblins 3 sewer rats 3 grid bugs 2 bats 5 lichens a newt 119 creatures vanquished. Voluntary challenges: You used a wielded weapon 122 times, starting on turn 120. You read items or engraved 10 times, starting on turn 970. You never genocided any monsters. You never polymorphed an object. You never changed form. You used no wishes. You never split a pudding. You never wrote Elbereth's name. You never violated your personal moral code. Dungeon overview: The Dungeons of Doom: levels 1 to 5 Level 1 some fountains a long staircase Level 2 a potion shop Level 3 a general store, a fountain Level 4 stairs to The Gnomish Mines Level 5 many fountains The Gnomish Mines: levels 5 to 8 Level 5 stairs to The Dungeons of Doom Level 6 Level 7 some shops, a temple to Ptah, some fountains Level 8 <- You were here History has recorded: On T:1 you entered the Dungeons of Doom to retrieve the Amulet of Yendor! On T:505 you advanced to experience level 2. On T:512 you reached level 2 of The Dungeons of Doom. On T:984 you reached level 3 of The Dungeons of Doom. On T:1165 you advanced to experience level 3. On T:1415 you advanced to experience level 4. On T:1496 you reached level 4 of The Dungeons of Doom. On T:1786 you reached level 5 of The Dungeons of Doom. On T:2010 you advanced to experience level 5. On T:2736 you reached level 1 of The Gnomish Mines. On T:2782 you advanced to experience level 6. On T:3316 you reached level 2 of The Gnomish Mines. On T:3860 you reached level 3 of The Gnomish Mines. On T:3980 you advanced to experience level 7. On T:4780 you reached level 4 of The Gnomish Mines. Score breakdown: Gold: 580 ( 9402 points) Experience: 7 levels (13645 points) Exploration: 8 levels ( 17.02%) (11702 points) Discoveries: 20 items ( 6.97%) ( 7919 points) Valuables value: (no points given unless you survive) Artifact value: 0 ( 0 points) Variety of kills: 43 monsters ( 11.29%) (10078 points) Turncount: 4983 turns (-1349 points) Survival: died (score multiplied by 80%) Total score: 41117 Latest messages: The magic missile hits it. (2x) The orc shaman points at you, then curses. The orc shaman points all around, then curses. The orc shaman points at you, then curses. You hit the orc shaman! The orc shaman points at you, then curses. You hit the orc shaman. The orc shaman casts a spell at you! You get a slight headache. You miss the orc shaman. The orc shaman points at you, then curses. (2x) You kill the orc shaman! You kill the gnome! There are a few objects here. The gnome hits! You kill the gnome! The housecat eats a gnome corpse. The housecat picks up a crossbow. It eats a gnome corpse. The housecat drops a crossbow. The baluchitherium hits! (4x) You die... Final status: Goodbye Markus the Wizard, killed by a baluchitherium... You died in The Gnomish Mines on dungeon level 8 with 41117 points, and 580 pieces of gold, after 4983 moves. You were level 7 with a maximum of 36 hit points when you died.